cohdb
Replays
Latest Replays
All Replays
Popular Replays
Top Player Replays
Match Explorer
How It Works
Community
CoH3 Stats
Reddit
Sign in to upload your games and track your stats! →
Sign in with Steam
Match 45473679
Unlisted
Match 45473679
Overview
Messages
Build Orders
End
Kradschützen Motorcycle Team
Selects Panzerjäger Kommand Battlegroup
Selects Blockade Equipment
Panzergrenadier Squad
250 Light Carrier
Panzerpioneer Squad
Construct Light Support Kompanie
Selects GrB 39 Grenade Launcher Requisition
Combat Half-tracks
Fire Support Elements
Panzerjäger Squad
Assault Mechanized Group
Flakvierling Half-track
Selects Defensive Positions
Construct Mechanized Kompanie
2.5-tonne Medical Truck
Selects Butterfly Bomb Drop
le.IG 18 Mechanized Group
Vehicle Survival Package
Butterfly Bomb Drop
254 Reconnaissance Tractor
Selects Crew Shock Tactics
Marder III Tank Destroyer
Tungsten Core Ammunition
Crew Shock Tactics
naive
[NE/UD]ClaudiaEnfield
hinanawi
General Rommel
403671774
Exf
Gravey
Taka_nL
0
0
Comments
sign in to comment!
No comments posted yet!